 Dungeon Crawl Stone Soup version 0.18.1-5-g4a78601 (webtiles) character file.

109 kae the Chopper (level 4, -2/40 HPs)
             Began as a Deep Dwarf Fighter on May 10, 2016.
             Killed from afar by an orc wizard (9 damage)
             ... with a puff of flame
             ... on level 3 of the Dungeon.
             The game lasted 00:01:09 (1505 turns).

kae the Chopper (Deep Dwarf Fighter)                Turns: 1505, Time: 00:01:10

Health: -2/40      AC:  6    Str: 20    XL:     4   Next: 60%
Magic:  4/4        EV:  7    Int:  8    God:
Gold:   46         SH:  9    Dex: 13    Spells: 0 memorised, 3 levels left

rFire  . . .     SeeInvis .     a - +0 war axe
rCold  . . .     Gourm    .     b - +0 scale mail
rNeg   . . .     Faith    .     c - +0 shield
rPois  .         Spirit   .     (no helmet)
rElec  .         Dismiss  .     (no cloak)
rCorr  .         Reflect  .     (no gloves)
SustAt .         Harm     .     (no boots)
MR     .....                    (no amulet)
Stlth  ..........               (no ring)
                                (no ring)

@: non-regenerating, not resistant to hostile enchantments, extremely unstealthy
A: damage resistance, recharge devices, sense surroundings 1, slow regeneration
3
a: Device Recharging


You were on level 3 of the Dungeon.
You were not hungry.

You visited 1 branch of the dungeon, and saw 3 of its levels.

You collected 46 gold pieces.

Inventory:

Hand Weapons
 a - a +0 war axe (weapon)
Armour
 b - a +0 scale mail (worn)
 c - a +0 shield (worn)
Wands
 e - a wand of heal wounds (4/9)
Scrolls
 g - 4 scrolls of identify {unknown}
 h - 2 scrolls of magic mapping {unknown}
 j - a scroll of noise {unknown}
 m - a scroll of fog {unknown}
Potions
 d - a potion of might
 k - 2 potions of flight {unknown}
 l - a potion of heal wounds {unknown}
Comestibles
 f - a bread ration
 i - a beef jerky


   Skills:
 - Level 2.6 Fighting
 + Level 5.4 Axes
 - Level 3.2 Armour
 - Level 3.2 Shields


You had 3 spell levels left.
You didn't know any spells.

Dungeon Overview and Level Annotations

Branches:
Dungeon (3/15)

Altars:
Qazlal
Ru


Innate Abilities, Weirdness & Mutations

You are resistant to damage.
You can recharge devices by infusing magical energy.
You passively map a small area around you.
You do not regenerate naturally.


Message History

You kill the orc!
The orc hits you with a flail! You block the orc wizard's attack.
The orc hits you with a flail!
* * * LOW HITPOINT WARNING * * *
You are too injured to fight recklessly!
You are too injured to fight recklessly!
You are too injured to fight recklessly!
You are too injured to fight recklessly!
You are too injured to fight recklessly!
You are too injured to fight recklessly!
You are too injured to fight recklessly!
You slash the orc wizard!
The orc wizard is severely wounded.
You slash the orc!
You kill the orc!
You hit the orc.
The orc is severely wounded.
The orc wizard casts a spell at you. The puff of flame hits you!
You die...

#.# #.# #.#
######### #.#
........# #.#
........# #.#
).....(.# #.#
.......)########.#
.......o@........#
+
......)o##########
,, ......).# ,
........# ,
........#
........#
######### , ,


You could see an orc wizard and an orc.

Vanquished Creatures
  3 adders
  2 worms (D:2)
  4 dart slugs
  3 giant geckos
  3 orcs (D:3)
  A giant cockroach (D:1)
  6 hobgoblins
  5 jackals
  A quokka (D:2)
  A ball python (D:1)
  10 bats
  2 giant newts
  7 goblins
  10 kobolds
  7 rats
65 creatures vanquished.

Notes
Turn   | Place    | Note
--------------------------------------------------------------
     0 | D:1      | kae the Deep Dwarf Fighter began the quest for the Orb.
     0 | D:1      | Reached XP level 1. HP: 20/20 MP: 1/1
    98 | D:1      | Reached skill level 3 in Axes
    98 | D:1      | Reached XP level 2. HP: 27/27 MP: 2/2
   265 | D:1      | Reached XP level 3. HP: 28/33 MP: 3/3
   311 | D:1      | Reached skill level 4 in Axes
   693 | D:2      | Found a faded altar to an unknown god.
   736 | D:2      | Found a sacrificial altar of Ru.
   784 | D:2      | Found a stormy altar of Qazlal.
   786 | D:2      | Found a sacrificial altar of Ru.
  1139 | D:2      | Reached XP level 4. HP: 40/40 MP: 4/4
  1274 | D:2      | Reached skill level 5 in Axes
  1505 | D:3      | Killed from afar by an orc wizard

Skill      XL: |  1  2  3  4 |
---------------+-------------+-----
Axes           | 3 4 5 |  5.4
Fighting       | |  2.6
Armour         | |  3.2
Shields        | |  3.2

Action                   |  1- 3 |  4- 6 || total
-------------------------+-------+-------++-------
Melee: War axe           |   127 |    47 ||   174
Evoke: Wand              |     1 |       ||     1
  Eat: Chunk             |       |     2 ||     2
Armor: Scale mail        |    69 |    17 ||    86
Dodge: Dodged            |    50 |    18 ||    68
Block: Shield            |    66 |    28 ||    94
